 Dungeon Crawl Stone Soup version 0.20.1-1-g8b1a95d (webtiles) character file.

80 letownia2 the Grave Robber (level 4, -2/36 HPs)
             Began as a Deep Dwarf Necromancer on Nov 2, 2017.
             Was an Initiate of Gozag.
             Slain by an orc
             ... wielding a +0 hand axe
              (3 damage)
             ... on level 3 of the Dungeon.
             The game lasted 00:02:40 (1080 turns).

letownia2 the Grave Robber (Deep Dwarf Necromancer) Turns: 1080, Time: 00:02:41

Health: -2/36      AC:  7    Str: 12    XL:     4   Next: 18%
Magic:  0/8        EV: 11    Int: 16    God:    Gozag
Gold:   61         SH:  0    Dex: 13    Spells: 5/9 levels left

rFire    . . .     SeeInvis .   e - +0 short sword
rCold    . . .     Gourm    .   (no shield)
rNeg     . . .     Faith    .   o - +3 ring mail
rPois    .         Spirit   .   q - -2 helmet (curse)
rElec    .         Reflect  .   (no cloak)
rCorr    .         Harm     .   (no gloves)
MR       .....                  (no boots)
Stlth    +.........             (no amulet)
Regen    0.0/turn               (no ring)
MPRegen  0.2/turn               (no ring)

@: gold aura, non-regenerating
A: damage resistance, heal wounds, sense surroundings 1, no regeneration
a: Heal Wounds, Potion Petition, Call Merchant, Bribe Branch, Renounce Religion


You were on level 3 of the Dungeon.
You worshipped Gozag.
Gozag was noncommittal.
You were very hungry.

You visited 2 branches of the dungeon, and saw 5 of its levels.

You collected 135 gold pieces.
You paid 74 gold pieces to Gozag.

Inventory:

Hand Weapons
 e - a +0 short sword (weapon)
 f - a +0 hand axe
Armour
 o - a +3 ring mail (worn)
 q - a cursed -2 helmet (worn)
Scrolls
 i - a scroll of identify {unknown}
 l - a scroll of fear {unknown}
 n - a scroll of enchant armour {unknown}
 p - a scroll of magic mapping {unknown}
Potions
 d - a potion of flight {unknown}
 g - 2 potions of curing {unknown}
 k - a potion of heal wounds {unknown}
 m - a potion of berserk rage {unknown}
Books
 b - a book of Necromancy

   Spells                             Type                      Level
   a - Pain                           Necromancy                   1
   b - Animate Skeleton               Necromancy                   1
   c - Vampiric Draining              Necromancy                   3
   d - Regeneration                   Charms/Necromancy            3
   e - Animate Dead                   Necromancy                   4
   f - Control Undead                 Necromancy                   4
Comestibles
 c - 2 bread rations
 h - 2 meat rations
 j - 5 fruits


   Skills:
 - Level 2.1 Dodging
 - Level 2.4 Stealth
 + Level 3.1 Spellcasting
 - Level 5.2 Necromancy


You had 5 spell levels left.
You knew the following spells:

 Your Spells              Type           Power        Failure   Level  Hunger
a - Pain                  Necr           ###.         4%          1    #......
v - Vampiric Draining     Necr           ###.......   14%         3    ###....


Dungeon Overview and Level Annotations

Branches:
Dungeon (4/15)             Temple (1/1) D:4

Altars:
Ashenzari
Cheibriados
Gozag
Hepliaklqana
Kikubaaqudgha
Makhleb
Nemelex Xobeh
Okawaru
Ru
Trog
Xom
Yredelemnul
The Shining One


Innate Abilities, Weirdness & Mutations

You are resistant to damage.
You can heal yourself by infusing magical energy.
You passively map a small area around you.
You do not regenerate.


Message History

The magic dart hits you!
* * * LOW HITPOINT WARNING * * *
Unknown command.
You closely miss the orc wizard.
The orc wizard is almost dead.
The orc wizard hits you but does no damage.
The orc closely misses you. x2
The orc wizard points at you and mumbles some strange words.
The magic dart hits you!
* * * LOW HITPOINT WARNING * * *
The orc hits you. The orc hits you but does no damage.
You hit the orc wizard.
You kill the orc wizard!
Your Spellcasting skill increases to level 3!
You have reached level 4!
You feel stronger.
You feel yourself speed up. The orc hits you but does no damage.
The orc hits you with a hand axe.
You die...
Your body crumbles into a pile of gold.

* *
#...###.# ,
,#.......#
* #..######
#....#
#.##.######
, *
#.........#
####.###o##
, #.###o# *
#..$@o#
#..#### *
#..# #.=#
#..# , , *


You could see 3 orcs.

Vanquished Creatures
  An orc wizard (D:3)
  3 adders
  An ooze (D:3)
  An adder skeleton (D:4)
  A leopard gecko (D:3)
  2 bats (D:3)
  A giant cockroach (D:4)
  2 hobgoblins (D:3)
  A quokka (D:2)
  2 frilled lizards (D:1)
  A goblin (D:1)
  3 kobolds
  A rat (D:2)
20 creatures vanquished.

Notes
Turn   | Place    | Note
-------+----------+-------------------------------------------
     0 | D:1      | letownia2 the Deep Dwarf Necromancer began the quest for the Orb.
     0 | D:1      | Reached XP level 1. HP: 15/15 MP: 3/3
   220 | D:2      | Reached XP level 2. HP: 22/22 MP: 0/5
   420 | D:2      | Reached skill level 5 in Necromancy
   495 | D:3      | Reached XP level 3. HP: 15/28 MP: 0/6
   500 | D:3      | Learned a level 3 spell: Vampiric Draining
   642 | D:4      | Found a staircase to the Ecumenical Temple.
   651 | Temple   | Entered the Ecumenical Temple
   693 | Temple   | Became a worshipper of Gozag Ym Sagoz the Greedy
   960 | D:3      | Found a glowing golden altar of the Shining One.
  1079 | D:3      | HP: 1/28 [orc wizard/magic dart (2)]
  1080 | D:3      | Reached XP level 4. HP: 1/36 MP: 0/8
  1080 | D:3      | Slain by an orc

Skill      XL: |  1  2  3 |
---------------+----------+-----
Spellcasting   | 2 3 |  3.1
Necromancy     | 5 |  5.2
Dodging        | |  2.1
Stealth        | |  2.4

Action                   |  1- 3 |  4- 6 || total
-------------------------+-------+-------++-------
Melee: Short sword       |    52 |       ||    52
 Cast: Pain              |    40 |       ||    40
       Vampiric Draining |     1 |       ||     1
 Stab: Sleeping          |     1 |       ||     1
Armor: Robe              |     9 |       ||     9
       Ring mail         |    30 |     1 ||    31
Dodge: Dodged            |    50 |       ||    50
